 Dungeon Crawl Stone Soup version 0.29-a0-284-gf9362112df (webtiles) character file.

Game seed: 10515658433268332124

10 Hubjo the Vexing (level 2, -1/21 HPs)
             Began as a Demonspawn Enchanter on Mar 16, 2022.
             Slain by a gnoll
             ... wielding a +0 spear
              (6 damage)
             ... on level 1 of the Dungeon.
             The game lasted 00:00:19 (259 turns).

Hubjo the Vexing (Demonspawn Enchanter)              Turns: 259, Time: 00:00:20

Health: -1/21      AC:  2    Str:  8    XL:     2   Next: 10%
Magic:  5/5        EV: 12    Int: 16    God:
Gold:   1          SH:  0    Dex: 13    Spells: 5/5 levels left

rFire   . . .      SeeInvis .   a - +1 dagger
rCold   . . .      Faith    .   (no shield)
rNeg    . . .      Spirit   .   b - +0 robe
rPois   .          Reflect  .   (no helmet)
rElec   .          Harm     .   (no cloak)
rCorr   .          Rampage  .   (no gloves)
Will    .....                   (no boots)
Stlth   ++........              (no amulet)
HPRegen 0.07/turn               (no ring)
MPRegen 0.09/turn               (no ring)

@: no status effects
A: spiny 1
a: no special abilities


You were on level 1 of the Dungeon.
You visited 1 branch of the dungeon, and saw 1 of its levels.

You collected 1 gold pieces.

Inventory:

Hand Weapons
 a - a +1 dagger (weapon)
Armour
 b - a +0 robe (worn)
Scrolls
 d - a scroll of noise {unknown}
Potions
 c - 2 potions of invisibility
 e - a potion of heal wounds {unknown}


   Skills:
 * Level 1.0 Fighting
 - Level 0.8 Short Blades
 - Level 1.7 Dodging
 * Level 2.9 Stealth
 + Level 2.1 Spellcasting
 + Level 3.1 Hexes


You had 5 spell levels left.
You didn't know any spells.
Your spell library contained the following spells:

 Spells                   Type           Power      Damage    Failure   Level
 Ensorcelled Hibernation  Hex/Ice        12%        N/A       17%         2
 Confusing Touch          Hex            11%        N/A       17%         3
 Tukima's Dance           Hex            11%        N/A       17%         3
 Dazzling Flash           Conj/Hex       12%        N/A       32%         3


Dungeon Overview and Level Annotations

Branches:
Dungeon (1/15)

Altars:


Innate Abilities, Weirdness & Mutations

You are partially covered in sharp spines.


Message History

No target in view!
e - a fizzy inky potion An endoplasm comes into view.
A gnoll comes into view. It is wielding a +0 spear.
Found a stone staircase leading down.
The gnoll shouts!
An endoplasm, a rat and a quokka come into view.
Found a scroll labelled DUARUPE OCRANE.
Found a stone staircase leading down.
The endoplasm quivers.
The gnoll hits you but does no damage.
You hit the gnoll.
The gnoll is lightly wounded.
You hit the gnoll but do no damage.
The gnoll is lightly wounded.
The endoplasm is struck by your spines. The endoplasm closely misses you.
The gnoll closely misses you.
You hit the gnoll.
The gnoll is lightly wounded.
The endoplasm freezes you.
You are frozen.
The gnoll is struck by your spines. The gnoll hits you with a +0 spear!
The quokka is struck by your spines.
The quokka bites you but does no damage.
You barely miss the gnoll.
The gnoll is heavily wounded.
The endoplasm freezes you.
You are frozen.
The gnoll hits you with a +0 spear.
* * * LOW HITPOINT WARNING * * *
The quokka closely misses you.
You are too injured to fight recklessly!
You are too injured to fight recklessly!
You are too injured to fight recklessly!
You are too injured to fight recklessly!
You are too injured to fight recklessly!
You are too injured to fight recklessly!
You are too injured to fight recklessly!
You are too injured to fight recklessly!
You are too injured to fight recklessly!
You are too injured to fight recklessly!
The gnoll hits you from afar with a +0 spear.
You die...

#....###...##....#
#.....#
###.##....#
........
#........#
.##....#
#.#.#....# #....#
#.#..##### ######
..##..# ..# ##.##
..# #..#
...######@#######
###......rJ......#
##....rgJ......
#..............
#...........>..
#>.............
#..............
#.?............
...............


You could see a gnoll, 2 endoplasms, a quokka and a rat.

Vanquished Creatures
  A bat (D:1)
  An endoplasm (D:1)
  A giant cockroach (D:1)
  3 hobgoblins (D:1)
  3 rats (D:1)
9 creatures vanquished.

Notes
Turn   | Place    | Note
-------+----------+-------------------------------------------
     0 | D:1      | Hubjo the Demonspawn Enchanter began the quest for the Orb.
     0 | D:1      | Reached XP level 1. HP: 13/13 MP: 3/3
   213 | D:1      | Gained mutation: You are partially covered in sharp spines.
                  | [demonic ancestry]
   213 | D:1      | Reached XP level 2. HP: 20/20 MP: 5/5
   218 | D:1      | Reached skill level 1 in Fighting
   259 | D:1      | Slain by a gnoll

Illustrated notes

Levels and vault maps discovered:
D:1:      lemuel_arrival_rhombus, layout_rooms, minmay_misc_feat_encased,
          fountainhead

Skill      XL: |  1  2 |
---------------+-------+-----
Fighting       | 1 |  1.0
Short Blades   | |  0.8
Dodging        | |  1.7
Stealth        | |  2.9
Spellcasting   | |  2.1
Hexes          | |  3.1

Action                   || total
-------------------------++-------
Melee: Dagger            ||    24
 Stab: Sleeping          ||     4
Armor: Robe              ||     9
Dodge: Dodged            ||     7

Table legend: (Time is in decaauts)
 A = Elapsed time spent in this place.
 B = Non-inter-level travel time spent in this place.
 C = Inter-level travel time spent in this place.
 D = Time resting spent in this place.
 E = Time spent auto-exploring this place.
 F = Levels seen in this place.
 G = Mean time per level.
                   A        B        C        D        E       F      G
               +--------+--------+--------+--------+--------+-----+--------+
         Total |    257 |    257 |      0 |      0 |    197 |   1 |  257.0 |
       Dungeon |    257 |    257 |      0 |      0 |    197 |   1 |  257.0 |
               +--------+--------+--------+--------+--------+-----+--------+

Top non-repeatable levels by time:
     D:1: 257 daAuts
